 Dungeon Crawl Stone Soup version 0.20.1-1-g8b1a95d (webtiles) character file.

30 Lanoc the Firebug (level 2, -3/20 HPs)
             Began as a Demigod Fire Elementalist on Nov 21, 2017.
             Slain by a hobgoblin
             ... wielding a +0 club
              (6 damage)
             ... on level 2 of the Dungeon.
             The game lasted 00:05:51 (902 turns).

Lanoc the Firebug (Demigod Fire Elementalist)        Turns: 902, Time: 00:05:52

Health: -3/20      AC:  2    Str: 11    XL:     2   Next: 84%
Magic:  2/7        EV: 13    Int: 19    God:
Gold:   93         SH:  0    Dex: 16    Spells: 2/5 levels left

rFire    . . .     SeeInvis .   d - +0 hand axe
rCold    . . .     Gourm    .   (no shield)
rNeg     . . .     Faith    .   a - +0 robe
rPois    .         Spirit   .   (no helmet)
rElec    .         Reflect  .   (no cloak)
rCorr    .         Harm     .   (no gloves)
MR       .....                  (no boots)
Stlth    ++........             (no amulet)
Regen    0.1/turn               (no ring)
MPRegen  0.1/turn               (no ring)

@: very slightly contaminated
A: high mp 1
a: no special abilities


You were on level 2 of the Dungeon.
You were hungry.

You visited 1 branch of the dungeon, and saw 2 of its levels.

You collected 93 gold pieces.

Inventory:

Hand Weapons
 d - a +0 hand axe (weapon)
Missiles
 i - 12 poisoned needles
Armour
 a - a +0 robe (worn)
Scrolls
 j - a scroll of fear {unknown}
Potions
 e - 2 potions of curing {unknown}
 h - a potion of heal wounds {unknown}
Books
 b - a book of Flames

   Spells                             Type                      Level
   a - Flame Tongue                   Conjuration/Fire             1
   b - Throw Flame                    Conjuration/Fire             2
   c - Conjure Flame                  Conjuration/Fire             3
   d - Inner Flame                    Hexes/Fire                   3
   e - Sticky Flame                   Conjuration/Fire             4
   f - Fireball                       Conjuration/Fire             5
Comestibles
 c - 2 bread rations
 f - 3 chunks of flesh
 g - 2 meat rations


   Skills:
 + Level 0.5 Axes
 + Level 2.0 Dodging
 + Level 1.8 Stealth
 + Level 2.2 Spellcasting
 + Level 1.0 Conjurations
 + Level 3.1 Fire Magic


You had 2 spell levels left.
You knew the following spells:

 Your Spells              Type           Power        Failure   Level  Hunger
a - Flame Tongue          Conj/Fire      ##...        7%          1    #......
b - Throw Flame           Conj/Fire      ##....       11%         2    ##.....


Dungeon Overview and Level Annotations

Branches:
Dungeon (2/15)


Innate Abilities, Weirdness & Mutations

You have an increased reservoir of magic. (+10% MP)


Message History

You are very lightly contaminated with residual magic.
Heat runs through your body.
Casting: Throw Flame
Confirm with . or Enter, or press ? or * to list all spells.
Aiming: Throw Flame
Press: ? - help, Shift-Dir - straight line, f/p - hobgoblin
Aim: a hobgoblin, wielding a club (almost dead)
The puff of flame hits the hobgoblin.
The hobgoblin appears unharmed.
The hobgoblin is almost dead.
The hobgoblin hits you with a club.
* * * LOW HITPOINT WARNING * * *
Casting: Throw Flame
Confirm with . or Enter, or press ? or * to list all spells.
Aiming: Throw Flame
Press: ? - help, Shift-Dir - straight line, f/p - hobgoblin
Aim: a hobgoblin, wielding a club (almost dead)
You miscast Throw Flame.
Nothing appears to happen.
The hobgoblin barely misses you. The hobgoblin hits you with a club.
You die...

.####################
....................#
.....########....##.#
####.# #....##.## #.#
#..g.##..# #.#
#...@###.#######.#
#.#
#..............#.#
#..
#.....##..####.#.#
####.. #.....###.#
#.#.# ........#
#.....# #># #.#.#
........# #.....# #.#
#)#.# ........#
#.....# #.# #.#.#
........# #####.###.#
#...# ........#
#.##..# #..##


You could see a hobgoblin.

Vanquished Creatures
  3 dart slugs
  A leopard gecko (D:1)
  3 goblins (D:1)
  A hobgoblin (D:1)
  8 kobolds
  4 bats
  A frilled lizard (D:2)
  4 rats
25 creatures vanquished.

Notes
Turn   | Place    | Note
-------+----------+-------------------------------------------
     0 | D:1      | Lanoc the Demigod Fire Elementalist began the quest for the Orb.
     0 | D:1      | Reached XP level 1. HP: 14/14 MP: 5/5
   202 | D:1      | Reached skill level 1 in Conjurations
   269 | D:1      | Reached XP level 2. HP: 20/20 MP: 4/7
   276 | D:1      | Learned a level 2 spell: Throw Flame
   437 | D:1      | Reached skill level 3 in Fire Magic
   902 | D:2      | Slain by a hobgoblin

Skill      XL: |  1  2 |
---------------+-------+-----
Spellcasting   | 2 |  2.2
Conjurations   | 1 |  1.0
Fire Magic     | 3 |  3.1
Dodging        | 2 |  2.0
Axes           | |  0.5
Stealth        | |  1.8

Action                   || total
-------------------------++-------
Melee: Hand axe          ||    50
       Unarmed           ||     2
 Cast: Flame Tongue      ||    10
       Throw Flame       ||     9
 Stab: Sleeping          ||     7
Armor: Robe              ||     8
Dodge: Dodged            ||    37
